 Dungeon Crawl Stone Soup version 0.19-a0-1008-g4c63d25 (webtiles) character file.

217 AlphabetPasta the Ruffian (level 6, -3/46 HPs)
             Began as a Formicid Transmuter on July 22, 2016.
             Was an Initiate of Ru.
             Killed from afar by an orc wizard (10 damage)
             ... with a puff of flame
             ... on level 3 of the Dungeon on July 23, 2016.
             The game lasted 00:17:52 (3788 turns).

AlphabetPasta the Ruffian (Formicid Transmuter)     Turns: 3788, Time: 00:17:53

Health: -3/46      AC:  3    Str: 21    XL:     6   Next: 16%
Magic:  10/10      EV: 12    Int: 13    God:    Ru [......]
Gold:   133        SH:  0    Dex: 11    Spells: 3 memorised, 5 levels left

rFire  . . .     SeeInvis +       - Unarmed
rCold  . . .     Gourm    .     b - +0 robe
rNeg   . . .     Faith    .     (no shield)
rPois  .         Spirit   .     (helmet unavailable)
rElec  .         Dismiss  .     o - +0 cloak {MR+}
rCorr  .         Reflect  .     (no gloves)
SustAt .         Harm     .     (boots currently unavailable)
MR     +....                    (no amulet)
Stlth  +.........               (no ring)
                                (no ring)

@: mighty, lethally poisoned (-3 -> -4), appendage (expiring), somewhat
resistant to hostile enchantments, very unstealthy
A: permanent stasis, dig shafts and tunnels, four strong arms, antennae 3,
talons 3
a: Dig, Shaft Self, End Transformation, Renounce Religion


You were on level 3 of the Dungeon.
You worshipped Ru.
Ru was noncommittal.
You were hungry.
You had grown temporary talons.
You visited 1 branch of the dungeon, and saw 3 of its levels.

You collected 133 gold pieces.

Inventory:

Hand Weapons
 v - a cursed -2 hunting sling
Missiles
 a - 59 arrows
 w - 48 sling bullets
Armour
 b - a +0 robe (worn)
 o - a +0 cloak of magic resistance (worn)
 p - a +0 large shield
Jewellery
 g - an uncursed ring of stealth {unknown}
 k - an uncursed ring of wizardry {unknown}
 q - an uncursed amulet of guardian spirit {unknown}
Scrolls
 e - 3 scrolls of noise {unknown}
 f - 4 scrolls of identify {unknown}
 j - a scroll of fog {unknown}
 l - a scroll of enchant weapon {unknown}
 m - a scroll of enchant armour {unknown}
 u - a scroll of teleportation {unknown}
 x - a scroll of remove curse {unknown}
Potions
 i - a potion of might
 n - a potion of mutation {unknown}
 r - 2 potions of curing {unknown}
 s - a potion of berserk rage {unknown}
 t - a potion of flight {unknown}
Books
 c - a book of Changes

   Spells                             Type                      Level
   a - Beastly Appendage              Transmutation                1
   b - Sticks to Snakes               Transmutation                2
   c - Spider Form                    Transmutation/Poison         3
   d - Ice Form                       Ice/Transmutation            4
   e - Blade Hands                    Transmutation                5
Comestibles
 d - 2 bread rations
 h - 4 chunks of flesh


   Skills:
 + Level 2.6 Fighting
 + Level 2.5 Dodging
 + Level 0.5 Shields
 * Level 4.2 Unarmed Combat
 + Level 3.0 Spellcasting
 * Level 3.7 Transmutations


You had 5 spell levels left.
You knew the following spells:

 Your Spells              Type           Power        Failure   Level  Hunger
a - Beastly Appendage     Tmut           ##....       8%          1    #......
b - Sticks to Snakes      Tmut           ##......     10%         2    ###....
c - Spider Form           Tmut/Pois      #.........   34%         3    ###....


Dungeon Overview and Level Annotations

Branches:
Dungeon (3/15)

Altars:
Ru
Trog
Uskayaw
Zin


Innate Abilities, Weirdness & Mutations

You are under a permanent stasis effect.
You can dig through walls and to a lower floor.
Your four strong arms can wield two-handed weapons with a shield.
You have a pair of large antennae on your head. (SInv)
You have claws for feet.


Message History

You are poisoned.
The adder poisons you!
You hit the adder.
The adder is heavily wounded.
You feel sick.
The orc wizard points at you and mumbles some strange words.
The puff of flame hits the adder.
The adder dies!
You hit the orc but do no damage. You claw the orc, but do no damage.
The orc is heavily wounded.
The orc hits you with a whip.
* * * LOW HITPOINT WARNING * * *
The orc wizard gestures at you while chanting.
The puff of flame hits the orc.
The orc dies!
It was a potion of might.
You feel very mighty all of a sudden. The orc wizard casts a spell at you.
The puff of flame hits you!
You die...

#.#########'### #.#
#....# ####(#####
#....# #........#
###### #....###.#
##...## #....# #.#
##.....## ####.#
#.###.......#
#.###'#....._...#
#@#.....#.......#
###)#....###.....##
#..oo....# ##...##
#...#....# #####
#...#....#
#...#....#
#...#....#
#...#....#
#...#.(...


You could see an orc wizard (invisible) and an orc.

Vanquished Creatures
  A hound (D:3)
  Crazy Yiuf (D:2)
  Jessica (D:2)
  3 gnolls (D:2)
  2 adders
  2 oozes (D:1)
  A worm (D:3)
  A dart slug (D:3)
  2 giant geckos
  4 orcs (D:3)
  12 bats
  2 giant cockroaches
  7 goblins
  5 hobgoblins
  9 kobolds
  2 ball pythons
  3 giant newts
  9 rats
67 creatures vanquished.

Vanquished Creatures (collateral kills)
  A hobgoblin (D:3)
  A jackal (D:3)
2 creatures vanquished.

Vanquished Creatures (others)
  An adder (D:3)
  An orc (D:3)
2 creatures vanquished.

Grand Total: 71 creatures vanquished

Notes
Turn   | Place    | Note
-------+----------+-------------------------------------------
     0 | D:1      | AlphabetPasta the Formicid Transmuter began the quest for the Orb.
     0 | D:1      | Reached XP level 1. HP: 15/15 MP: 3/3
    49 | D:1      | Reached XP level 2. HP: 6/21 MP: 5/5
   281 | D:1      | Learned a level 2 spell: Sticks to Snakes
   384 | D:1      | Reached XP level 3. HP: 26/26 MP: 6/6
   845 | D:1      | Learned a level 3 spell: Spider Form
  1428 | D:2      | Found a runed door.
  1434 | D:2      | Noticed Crazy Yiuf
  1452 | D:2      | HP: 1/27 [Crazy Yiuf/quarterstaff of chaos (8)]
  1453 | D:2      | Killed Crazy Yiuf
  1453 | D:2      | Reached XP level 4. HP: 1/33 MP: 0/7
  1857 | D:2      | HP: 1/33 [gnoll/club (6)]
  2446 | D:2      | Reached XP level 5. HP: 38/38 MP: 6/8
  2487 | D:2      | Noticed Jessica
  2501 | D:2      | Killed Jessica
  2665 | D:2      | Found a glowing silver altar of Zin.
  3042 | D:2      | Found a bloodstained altar of Trog.
  3054 | D:2      | Reached skill level 4 in Unarmed Combat
  3109 | D:3      | Found a sacrificial altar of Ru.
  3130 | D:3      | Became a worshipper of Ru the Awakened
  3384 | D:3      | Found a hide-covered altar of Uskayaw.
  3556 | D:3      | Reached XP level 6. HP: 38/46 MP: 8/10
  3788 | D:3      | Killed from afar by an orc wizard

Vault maps used:
D:1:      erik_arrival_gehennom
D:2:      nicolae_overflow_hidden_temple, overflow_temple_1_default,
          first_bread, uniq_crazy_yiuf_cottage, uniq_jessica
D:3:      lemuel_round_altar, nicolae_ru_great_annihilating_truth,
          grunt_ministairs_10, minmay_shallow_snake_nest

Skill      XL: |  1  2  3  4  5  6 |
---------------+-------------------+-----
Dodging        | 2 |  2.5
Fighting       | 2 |  2.6
Transmutations | 3 |  3.7
Unarmed Combat | 4 |  4.2
Spellcasting   | 3 |  3.0
Shields        | |  0.5

Action                   |  1- 3 |  4- 6 || total
-------------------------+-------+-------++-------
Melee: Unarmed           |   117 |   195 ||   312
       Kick              |    12 |    26 ||    38
       Punch             |     1 |     2 ||     3
 Cast: Beastly Appendage |    15 |    22 ||    37
       Sticks to Snakes  |     1 |     5 ||     6
  Use: Potion            |       |     1 ||     1
 Stab: Sleeping          |     2 |     1 ||     3
       Paralysed         |       |     2 ||     2
  Eat: Chunk             |     2 |     2 ||     4
       Bread ration      |       |     1 ||     1
       Beef jerky        |       |     1 ||     1
Armor: Robe              |    15 |    39 ||    54
Dodge: Dodged            |    56 |   118 ||   174
